 Dungeon Crawl Stone Soup version 0.26.1-11-gd32895ea62 (webtiles) character file.

Game seed: 4889603476082428940

171 unlimited1921 the Firebug (level 5, 0/40 HPs)
             Began as a Demigod Fire Elementalist on July 6, 2021.
             Killed by divine providence
             ... invoked by an orc priest
              (16 damage)
             ... on level 3 of the Dungeon.
             The game lasted 00:29:54 (4396 turns).

unlimited1921 the Firebug (DgFE)                    Turns: 4396, Time: 00:29:55

Health: 0/40       AC:  2    Str: 11    XL:     5   Next: 5%
Magic:  12/12      EV: 12    Int: 21    God:
Gold:   61         SH:  0    Dex: 16    Spells: 8/9 levels left

rFire    . . .     SeeInvis .   d - +2 dagger (drain)
rCold    . . .     Faith    .   (no shield)
rNeg     . . .     Spirit   .   a - +0 robe
rPois    .         Reflect  .   (no helmet)
rElec    .         Harm     .   (no cloak)
rCorr    .         Rampage  .   (no gloves)
Will     .....                  (no boots)
Stlth    ++........             (no amulet)
HPRegen  0.13/turn              (no ring)
MPRegen  0.13/turn              (no ring)

@: no status effects
A: high mp 1
a: no special abilities


You were on level 3 of the Dungeon.
You visited 1 branch of the dungeon, and saw 3 of its levels.

You collected 61 gold pieces.

Inventory:

Hand Weapons
 c - a +0 hand axe
 d - a +2 dagger of draining (weapon)
 i - a +1 dagger of draining
 m - a +0 hunting sling
 p - a +0 club
 r - a +0 hunting sling
 t - a +0 trident
Missiles
 b - 25 bolts
 g - 2 javelins (quivered)
 k - 41 arrows
 n - 83 stones
Armour
 a - a +0 robe (worn)
Jewellery
 h - an uncursed amulet of reflection {unknown}
Scrolls
 j - a scroll of identify {unknown}
 o - a scroll of random uselessness {unknown}
 q - 2 scrolls of enchant armour {unknown}
 s - a scroll of teleportation {unknown}
Potions
 e - a potion of resistance {unknown}
 f - a potion of brilliance
 l - a potion of berserk rage {unknown}


   Skills:
 + Level 1.3 Fighting
 + Level 0.6 Short Blades
 + Level 1.9 Dodging
 + Level 2.3 Stealth
 + Level 2.9 Spellcasting
 + Level 1.7 Conjurations
 + Level 3.6 Fire Magic


You had 8 spell levels left.
You knew the following spells:

 Your Spells              Type           Power        Failure   Level
a - Foxfire               Conj/Fire      56%          4%          1

Your spell library contained the following spells:

 Spells                   Type           Power        Failure   Level
 Conjure Flame            Conj/Fire      14%          14%         3
 Inner Flame              Hex/Fire       10%          19%         3
 Sticky Flame             Conj/Fire      14%          41%         4
 Fireball                 Conj/Fire      7%           77%         5


Dungeon Overview and Level Annotations

Branches:
Dungeon (3/15)


Innate Abilities, Weirdness & Mutations

You have an increased reservoir of magic. (+10% MP)


Message History

The orc is heavily wounded.
The javelin pierces through the orc priest but does no damage.
Throw: 3 javelins
Press: ? - help, Q - select action, (/) - cycle Shift-Dir - straight line, f/p - orc priest
Aim: an orc priest, wielding a +0 hand axe and wearing a +0 ring mail (63% to hit)
You throw a javelin. The javelin barely misses the adder.
The javelin pierces through the orc.
You kill the orc!
The javelin closely misses the orc priest.
You hit the adder.
The adder is severely wounded.
The adder closely misses you.
You hit the adder. You drain the adder.
You kill the adder!
The orc priest mumbles some strange prayers to Beogh against you.
Pain shoots through your body!
You have reached level 5!
The orc priest invokes the aid of Beogh against you.
Beogh smites you!
You die...

#.# #.#
#.# #.#
#.# #.#
#.# #.#
########@#
(.o)).†..#
##########


You could see an orc priest.

Vanquished Creatures
  An orc wizard (D:3)
  7 adders
  2 worms (D:2)
  A dart slug (D:3)
  8 orcs
  10 goblins
  9 hobgoblins
  5 jackals
  2 quokkas
  8 bats
  3 frilled lizards
  A kobold (D:1)
  8 rats
65 creatures vanquished.

Vanquished Creatures (others)
  142 foxfires
142 creatures vanquished.

Grand Total: 207 creatures vanquished

Notes
Turn   | Place    | Note
-------+----------+-------------------------------------------
     0 | D:1      | unlimited1921 the Demigod Fire Elementalist began the quest
                  | for the Orb.
     0 | D:1      | Reached XP level 1. HP: 14/14 MP: 5/5
   376 | D:1      | Reached skill level 1 in Conjurations
   617 | D:1      | Reached XP level 2. HP: 20/20 MP: 5/7
  1463 | D:1      | Reached skill level 3 in Fire Magic
  1611 | D:2      | Found a broken altar of Ashenzari.
  2171 | D:2      | Reached XP level 3. HP: 26/26 MP: 0/9
  2344 | D:2      | Found a glowing silver altar of Zin.
  2629 | D:2      | Reached XP level 4. HP: 27/33 MP: 7/10
  3516 | D:2      | Found a hazy altar of Hepliaklqana.
  4253 | D:3      | Reached skill level 1 in Fighting
  4396 | D:3      | Reached XP level 5. HP: 16/40 MP: 12/12
  4396 | D:3      | Killed from afar by an orc priest

Illustrated notes

Levels and vault maps discovered:
D:1:      dpeg_arrival_subterranean_lakeside_camping, layout_loops_ring
D:2:      minmay_angry_zag, layout_rooms, lemuel_crystal_altar,
          nzn_hepliaklqana_mist_gate, ashenzari_altar_1
D:3:      layout_loops_corners, uniq_natasha

Skill      XL: |  1  2  3  4 |
---------------+-------------+-----
Spellcasting   | 2 |  2.9
Conjurations   | 1 |  1.7
Stealth        | 2 |  2.3
Fire Magic     | 3 |  3.6
Fighting       | 1 |  1.3
Short Blades   | |  0.6
Dodging        | |  1.9

Action                   |  1- 3 |  4- 6 || total
-------------------------+-------+-------++-------
Melee: Dagger            |    40 |    28 ||    68
Throw: Javelin           |       |     5 ||     5
 Cast: Foxfire           |    48 |    44 ||    92
  Use: Potion            |     1 |       ||     1
 Stab: Sleeping          |     1 |     1 ||     2
Armor: Robe              |     9 |     4 ||    13
Dodge: Dodged            |    35 |    18 ||    53
